 Dungeon Crawl Stone Soup version 0.32-a0-468-g38b2580584 (webtiles) character file.

Game seed: 11852382080172224895

2583 GoroGoro the Thaumaturge (level 9, -14/65 HPs)
             Began as a Mummy Alchemist on Feb 24, 2024.
             Was a Believer of Vehumet.
             Demolished by an orc knight
             ... wielding a +0 halberd
              (21 damage)
             ... in a bailey.
             The game lasted 00:08:06 (7754 turns).

GoroGoro the Thaumaturge (Mummy Alchemist)          Turns: 7754, Time: 00:08:06

Health: -14/65     AC:  8    Str: 11    XL:     9   Next: 32%
Magic:  9/23       EV: 12    Int: 19    God:    Vehumet [**....]
Gold:   416        SH:  0    Dex: 12    Spells: 23/28 levels left

rFire   x . .        n - +1 short sword (venom)
rCold   + . .        (no shield)
rNeg    + + +        a - +0 robe
rPois   ∞            m - +2 hat
rElec   .            j - scarf {repulsion}
rCorr   .            q - +2 pair of gloves
SInv    .            h - +0 pair of boots
Will    .....        (no amulet)
Stlth   ++           (no ring)
HPRegen 0.30/turn    (no ring)
MPRegen 0.18/turn

%: repel missiles, faith
@: weak-willed, radiating poison
A: cold resistance 1, negative energy resistance 3, torment resistance 2, heat
vulnerability 1, in touch with death 1, no potions, faith
a: Renounce Religion


You were in a bailey.
You worshipped Vehumet.
Vehumet was pleased with you.
You visited 1 branch of the dungeon, and saw 7 of its levels.
You also visited: Bailey.

You collected 416 gold pieces.

Inventory:

Hand Weapons
 n - a +1 short sword of venom (weapon)
Armour
 a - a +0 robe (worn)
 h - a +0 pair of boots (worn)
 j - a scarf of repulsion (worn)
 m - a +2 hat (worn)
 q - a +2 pair of gloves (worn)
Jewellery
 r - a ring of flight
Wands
 t - a wand of paralysis (5)
Scrolls
 c - 3 scrolls of fog {@r2}
 d - a scroll of amnesia
 e - 2 scrolls of enchant armour
 f - 3 scrolls of enchant weapon
 g - a scroll of brand weapon {unknown}
 i - 2 scrolls of vulnerability {!r}
 k - 4 scrolls of immolation
 l - 2 scrolls of revelation {@r5}
 o - a scroll of torment {unknown}
 p - a scroll of butterflies {unknown}
 s - a scroll of blinking {unknown}
 u - a scroll of teleportation {unknown}


   Skills:
 + Level 4.2 Fighting
 - Level 1.5 Dodging
 - Level 1.5 Stealth
 - Level 10.0 Spellcasting
 - Level 0.7 Conjurations
 + Level 3.2 Ice Magic
 - Level 7.0 Alchemy


You had 23 spell levels left.
You knew the following spells:

 Your Spells              Type           Power      Damage    Failure   Level
o - Olgreb's Toxic Radia  Alch           36%        N/A       4%          4
s - Sting                 Conj/Alch      96%        1d9       1%          1

Your spell library contained the following spells:

 Spells                   Type           Power      Damage    Failure   Level
 Static Discharge         Conj/Air       20%        3-4/arc   10%         2
 Mercury Vapours          Alch/Air       44%        N/A       2%          2
 Mephitic Cloud           Conj/Alch/Air  19%        N/A       8%          3
 Hailstorm                Conj/Ice       17%        3d6       10%         3
 Summon Ice Beast         Ice/Summ       15%        N/A       12%         3
 Sticky Flame             Fire/Alch      22%        2d6       17%         4
 Tukima's Dance           Hex            9%         N/A       22%         3
 Yara's Violent Unravell  Hex/Alch       11%        3d6       43%         5
 Passage of Golubria      Tloc           9%         N/A       58%         4
 Sculpt Simulacrum        Ice/Alch       14%        N/A       80%         6
 Summon Forest            Summ/Tloc      4%         N/A       90%         5
 Summon Mana Viper        Hex/Summ       9%         N/A       90%         5
 Summon Cactus Giant      Summ           4%         N/A       100%        6
 Ozocubu's Refrigeration  Ice            10%        4d9       100%        7
 Discord                  Hex            4%         N/A       100%        8
 Chain Lightning          Conj/Air       5%         3d6       100%        9
 Fire Storm               Conj/Fire      5%         8d1       100%        9
 Shatter                  Erth           4%         3d8*      100%        9


Dungeon Overview and Level Annotations

Branches:
Dungeon (7/15)             Temple (0/1) D:4          Bailey (1/1)

Altars:
Vehumet

Shops:
D:2 (   D:4 :


Innate Abilities, Weirdness & Mutations

You are immune to poison.
Your flesh is cold resistant. (rC+)
You are immune to negative energy. (rN+++)
You are immune to unholy pain and torment.
You are vulnerable to heat. (rF-)
You are in touch with the powers of death.
You do not drink.
You have a special connection with the divine. (Faith)


Message History

The orc warrior hits you from afar with a +0 spear!
The orc barely misses you.
Casting: Olgreb's Toxic Radiance (dangerous; 4% risk of failure)
Confirm with . or Enter, or press ? or * to list all spells.
Your toxic radiance grows in intensity.
You kill the orc!
Vehumet accepts your kill.
You feel your power returning.
The orc knight looks even sicker.
The orc warrior looks even sicker.
The orc warrior hits you but does no damage.
The orc knight roars a battlecry!
The orc warrior goes into a battle-frenzy!
Casting: Olgreb's Toxic Radiance (dangerous; 4% risk of failure)
Confirm with . or Enter, or press ? or * to list all spells.
Your toxic radiance grows in intensity.
The orc warrior looks as sick as possible!
The orc knight looks even sicker.
The orc warrior closely misses you.
The orc knight hits you from afar with a +0 halberd!!
Read: 3 scrolls of vulnerability {!r}
Press: ? - help, Q - select action, (/) - cycle Dir - look around, f - activate Look: an orc warrior, wielding a +0 spear and wearing a +0 chain mail (severely wounded, strong, extremely poisoned, susceptible)
As you read the scroll of vulnerability {!r}, it crumbles to dust.
A wave of despondency washes over your surroundings.
The orc knight looks as sick as possible!
You kill the orc warrior!
Vehumet accepts your kill.
The orc knight hits you from afar with a +0 halberd!
* * * LOW HITPOINT WARNING * * *
Aiming: Paralyse
Press: ? - help, Q - select action, (/) - cycle Shift-Dir - straight line, f - orc knight
Aim: an orc knight, wielding a +0 halberd and wearing a +0 ring mail (moderately wounded, extremely poisoned, weak-willed, chance to affect: 49%)
The orc knight resists with some effort.
The orc knight hits you from afar with a +0 halberd!
* * * LOW HITPOINT WARNING * * *
Aiming: Paralyse
Press: ? - help, Q - select action, (/) - cycle Shift-Dir - straight line, f/p - orc knight
Aim: an orc knight, wielding a +0 halberd and wearing a +0 ring mail (moderately wounded, extremely poisoned, weak-willed, chance to affect: 49%)
The orc knight resists with some effort.
The orc knight hits you from afar with a +0 halberd!!
You die...

.. ###≈≈...............≈≈###≈≈..
..≈##)##≈...............≈##.##≈..
..≈#)....................))).#≈..
..≈##)∩#≈...............≈#∩.##≈..
..≈≈#.##≈....#######....≈##.#≈≈..
...≈≈.≈≈≈...##....##....≈≈≈.≈≈...
...........##.....##.............
..........##..#'''##.............
..........#..##∩@∩##..##.........
.........##.####'####.##.........
.........##.')#o))#)'.##.........
.........##.###.ß.###.##.........
.........##.')#[.?#)'.##.........
.........##.#########.##.........
..........#..##)#.##..#..........
..........##..#'#'#).##..........
...........##.......##......)....


You could see an orc knight (extremely poisoned, weak-willed).

Vanquished Creatures
  Menkaure (D:7)
  A water moccasin (D:7)
  4 ice beasts
  9 orc warriors (Bailey)
  A black bear (D:5)
  3 ogres
  2 scorpions
  A gnoll sergeant (D:7)
  A howler monkey (D:6)
  4 hounds
  Crazy Yiuf (D:6)
  A gnoll bouda (D:4)
  An iguana (D:6)
  3 sleepcaps (D:3)
  6 adders
  12 gnolls
  A shadow imp (D:6)
  A white imp (D:5)
  4 dart slugs
  27 orcs
  8 ball pythons
  4 endoplasms
  6 giant cockroaches
  9 goblins
  A hobgoblin (D:3)
  6 jackals
  6 kobolds
  A quokka (D:4)
  3 bats
  A frilled lizard (D:3)
  2 rats (D:1)
131 creatures vanquished.

Notes
Turn   | Place    | Note
-------+----------+-------------------------------------------
     0 | D:1      | GoroGoro the Mummy Alchemist began the quest for the Orb.
     0 | D:1      | Reached XP level 1. HP: 13/13 MP: 4/4
   384 | D:1      | Reached skill level 3 in Spellcasting
   535 | D:1      | Reached XP level 2. HP: 19/19 MP: 1/6
  1392 | D:2      | Reached XP level 3. HP: 11/24 MP: 0/8
  1610 | D:2      | Reached skill level 4 in Spellcasting
  1696 | D:2      | Found Isasal's Weapon Boutique.
  1894 | D:3      | Reached XP level 4. HP: 26/30 MP: 1/10
  2127 | D:3      | Found a faded altar of an unknown god.
  2612 | D:3      | Reached XP level 5. HP: 28/35 MP: 1/11
  2699 | D:3      | Learned a level 4 spell: Olgreb's Toxic Radiance
  3025 | D:4      | Found Ruyxis's Book Shoppe.
  3097 | D:4      | Reached skill level 5 in Alchemy
  3228 | D:4      | Reached XP level 6. HP: 41/41 MP: 3/12
  3333 | D:4      | Found a radiant altar of Vehumet.
  3624 | D:4      | Found a staircase to the Ecumenical Temple.
  3831 | D:4      | Became a worshipper of Vehumet
  3838 | D:5      | Entered Level 5 of the Dungeon
  3862 | D:5      | Noticed an ice beast
  3875 | D:5      | Killed an ice beast
  4264 | D:5      | Reached skill level 5 in Spellcasting
  4264 | D:5      | Reached XP level 7. HP: 46/46 MP: 4/14
  4575 | D:5      | Reached skill level 6 in Spellcasting
  5367 | D:6      | Reached XP level 8. HP: 47/52 MP: 11/18
  5487 | D:6      | Found a runed translucent door.
  5488 | D:6      | Noticed Crazy Yiuf
  5736 | D:6      | Reached skill level 7 in Spellcasting
  5940 | D:6      | Reached skill level 8 in Spellcasting
  6388 | D:6      | Killed Crazy Yiuf
  6518 | D:7      | Reached skill level 9 in Spellcasting
  6543 | D:7      | Reached * piety under Vehumet
  6543 | D:7      | Offered knowledge of Magic Dart by Vehumet.
  6718 | D:7      | Found a flagged portal.
  6718 | D:7      | Noticed Menkaure
  6731 | D:7      | Killed Menkaure
  6732 | D:7      | Reached skill level 10 in Spellcasting
  6732 | D:7      | Reached skill level 1 in Fighting
  6785 | Bailey   | Entered a bailey
  6800 | Bailey   | Reached skill level 1 in Ice Magic
  6907 | Bailey   | Reached XP level 9. HP: 26/62 MP: 3/23
  7680 | Bailey   | Offered knowledge of Static Discharge by Vehumet.
  7711 | Bailey   | Reached ** piety under Vehumet
  7747 | Bailey   | Noticed an orc knight
  7754 | Bailey   | Demolished by an orc knight

Illustrated notes

Levels and vault maps discovered:
D:1:      beargit_arrival_diablo_church, layout_basic, minmay_tiny_reverse_x
D:2:      layout_rooms, serial_shops, shop, solitary_fountain
D:3:      layout_rooms, dreamdust_ecumenical_altar_angels_and_demons,
          hellmonk_no_cap
D:4:      cheibrodos_helix_gallery, layout_basic,
          mainiacjoe_overflow_cross_hatched, minmay_temple_entry_trees,
          serial_shops, shop, grunt_decor_junction
D:5:      layout_basic
D:6:      layout_basic, grunt_decor_cap, chequers_decorated_corner,
          uniq_crazy_yiuf_cottage
D:7:      layout_basic, enter_bailey_3, minmay_shattered_shrine, uniq_menkaure
Bailey:   bailey_polearm_2, bailey

Skill      XL: |  1  2  3  4  5  6  7  8  9 |
---------------+----------------------------+-----
Spellcasting   | 3 4 5 6 10 | 10.0
Alchemy        | 3 4 5 6 7 |  7.0
Fighting       | 2 4 |  4.2
Ice Magic      | 1 3 |  3.2
Dodging        | |  1.5
Stealth        | |  1.5
Conjurations   | |  0.7

Action                     |  1- 3 |  4- 6 |  7- 9 || total
---------------------------+-------+-------+-------++-------
  Melee: Unarmed           |    27 |       |       ||    27
         Dagger            |    10 |    14 |       ||    24
         Short sword       |       |     2 |    14 ||    16
   Cast: Sting             |    62 |   116 |   102 ||   280
         Olgreb's Toxic Ra |       |     4 |    53 ||    57
  Evoke: Wand              |       |       |     3 ||     3
    Use: Scroll            |       |       |     7 ||     7
   Stab: Paralysed         |       |       |     6 ||     6
 Armour: Robe              |    39 |    27 |    75 ||   141
  Dodge: Dodged            |    44 |    43 |    78 ||   165
         Repelled          |       |     2 |     1 ||     3

Table legend: (Time is in decaauts)
 A = Elapsed time spent in this place.
 B = Non-inter-level travel time spent in this place.
 C = Inter-level travel time spent in this place.
 D = Time resting spent in this place.
 E = Time spent auto-exploring this place.
 F = Levels seen in this place.
 G = Mean time per level.
                   A        B        C        D        E       F      G
               +--------+--------+--------+--------+--------+-----+--------+
         Total |   7754 |   7520 |    234 |    351 |   6343 |   8 |  969.2 |
       Dungeon |   6785 |   6551 |    234 |    239 |   5588 |   7 |  969.3 |
        Bailey |    968 |    968 |      0 |    112 |    755 |   1 |  968.0 |
               +--------+--------+--------+--------+--------+-----+--------+

Top non-repeatable levels by time:
     D:6: 1470 daAuts
     D:1: 1198 daAuts
     D:5: 1191 daAuts
     D:4: 1128 daAuts
  Bailey: 968 daAuts
     D:3: 908 daAuts
     D:2: 602 daAuts
     D:7: 285 daAuts
